 Dungeon Crawl Stone Soup version 0.28.0-45-g0d030f2227 (webtiles) character file.

Game seed: 12910021060894255306

18135 Cykl0x the Geomancer (level 12, -3/76 HPs)
             Began as a Gargoyle Earth Elementalist on Apr 7, 2022.
             Was a Priest of Vehumet.
             Slain by a slime creature (15 damage)
             ... on level 12 of the Dungeon.
             The game lasted 00:33:57 (16011 turns).

Cykl0x the Geomancer (Gargoyle Earth Elementalist) Turns: 16011, Time: 00:33:58

Health: -3/76      AC: 18    Str: 15    XL:     12   Next: 55%
Magic:  32/33      EV: 10    Int: 18    God:    Vehumet [***...]
Gold:   1462       SH:  7    Dex: 10    Spells: 20/28 levels left

rFire   . . .      SeeInvis .   K - staff of conjuration
rCold   . . .      Faith    .   d - +3 buckler
rNeg    + . .      Spirit   .   F - +0 scale mail
rPois   ∞          Reflect  .   q - +0 helmet
rElec   +          Harm     .   y - +0 cloak
rCorr   .          Rampage  .   (no gloves)
Will    .....                   (no boots)
Stlth   ..........              (no amulet)
HPRegen 0.22/turn               h - ring of wizardry
MPRegen 0.23/turn               k - ring of magical power

@: studying Dodging
A: sickness immunity, AC +8, negative energy resistance 1, electricity
resistance, torment resistance 1, petrification resistance
a: Renounce Religion


You were on level 12 of the Dungeon.
You worshipped Vehumet.
Vehumet was most pleased with you.
You visited 2 branches of the dungeon, and saw 13 of its levels.

You collected 1627 gold pieces.
You spent 165 gold pieces at shops.

Inventory:

Hand Weapons
 a - a +0 club
 f - a +0 whip
 g - a +1 flail
 j - a +0 quarterstaff
 s - a +4 morningstar of flaming
Missiles
 o - 80 stones
 J - 3 throwing nets
Armour
 b - a +0 robe
 d - a +3 buckler (worn)
 m - a +0 ring mail
 q - a +0 helmet (worn)
 w - an orb of energy
 y - a +0 cloak (worn)
 F - a +0 scale mail (worn)
Magical Staves
 K - a staff of conjuration (weapon)
Jewellery
 h - a ring of wizardry (left hand)
 i - a ring of willpower
 k - a ring of magical power (right hand)
 v - an amulet of guardian spirit
 Q - a ring of wizardry
Wands
 n - a wand of iceblast (7)
 r - a wand of polymorph (1)
 B - a wand of flame (25)
 I - a wand of acid (5)
 R - a wand of charming (3)
Scrolls
 c - 2 scrolls of enchant armour
 p - 6 scrolls of enchant weapon
 z - a scroll of torment
 C - 3 scrolls of fog
 D - a scroll of identify
 E - 2 scrolls of magic mapping
 H - a scroll of immolation
 M - a scroll of blinking
 N - a scroll of teleportation
Potions
 e - 2 potions of mutation
 l - 4 potions of lignification
 t - 4 potions of brilliance
 u - 2 potions of flight
 x - a potion of haste
 A - a potion of ambrosia
 G - a potion of might
 L - 2 potions of heal wounds
 O - a potion of resistance
 P - a potion of berserk rage {unknown}


   Skills:
 * Level 9.2 Fighting
 + Level 4.5(4.7) Maces & Flails
 + Level 1.5(3.3) Staves
 + Level 5.2 Armour
 + Level 3.8 Dodging
 - Level 2.1 Stealth
 + Level 4.1 Shields
 + Level 8.5 Spellcasting
 * Level 10.0 Conjurations
 - Level 0.7 Transmutations
 + Level 11.4 Earth Magic
 * Level 4.0 Evocations


You had 20 spell levels left.
You knew the following spells:

 Your Spells              Type           Power      Damage    Failure   Level
a - Sandblast             Erth           96%        2d20      1%          1
b - Stone Arrow           Conj/Erth      100%       3d13      1%          3
c - Magic Dart            Conj           100%       1d8       1%          1
d - Conjure Flame         Conj/Fire      38%        6-21      1%          3

Your spell library contained the following spells:

 Spells                   Type           Power      Damage    Failure   Level
 Static Discharge         Conj/Air       38%        N/A       1%          2
 Passwall                 Tmut/Erth      24%        N/A       2%          2
 Iskenderun's Battlesphe  Conj           60%        2d11      2%          5
 Sticky Flame             Conj/Fire      38%        2d6       6%          4
 Petrify                  Tmut/Erth      29%        N/A       14%         4
 Fireball                 Conj/Fire      19%        3d9       16%         5
 Animate Skeleton         Necr           14%        N/A       17%         1
 Apportation              Tloc           14%        N/A       17%         1
 Summon Small Mammal      Summ           28%        N/A       17%         1
 Blink                    Tloc           14%        N/A       26%         2
 Ensorcelled Hibernation  Hex/Ice        14%        N/A       26%         2
 Spider Form              Tmut/Pois      9%         N/A       38%         3
 Gell's Gravitas          Tloc           7%         N/A       45%         3
 Summon Guardian Golem    Hex/Summ       7%         N/A       45%         3
 Teleport Other           Tloc           7%         N/A       45%         3
 Orb of Destruction       Conj           30%        9d10      47%         7
 Conjure Ball Lightning   Conj/Air       19%        3x3d6     56%         6
 Anguish                  Hex/Necr       3%         N/A       83%         4
 Animate Dead             Necr           3%         N/A       83%         4
 Dispel Undead            Necr           7%         3d8       83%         4
 Passage of Golubria      Tloc           7%         N/A       83%         4
 Lehudib's Crystal Spear  Conj/Erth      31%        10d8      93%         8
 Spellforged Servitor     Conj/Summ      19%        N/A       96%         7
 Manifold Assault         Tloc           7%         N/A       99%         5
 Silence                  Hex/Air        3%         N/A       99%         5
 Dispersal                Tloc           3%         N/A       100%        6
 Haunt                    Necr/Summ      3%         N/A       100%        7
 Storm Form               Tmut/Air       4%         N/A       100%        7
 Infestation              Necr           3%         N/A       100%        8


Dungeon Overview and Level Annotations

Branches:
Dungeon (12/15)            Temple (1/1) D:7            Lair (0/6) D:10
    Orc (0/2) D:12

Altars:
Ashenzari
Cheibriados
Dithmenos
Elyvilon
Fedhas
Hepliaklqana
Kikubaaqudgha
Makhleb
Nemelex Xobeh
Okawaru
Qazlal
Ru
Sif Muna
Trog
Uskayaw
Vehumet
Wu Jian
Xom
Yredelemnul
Zin
The Shining One

Shops:
D:9 *

Annotations:
D:10 1 runed translucent door


Innate Abilities, Weirdness & Mutations

You are immune to sickness and miasma.
Your stone body is resilient. (AC +8)
You are immune to poison.
You resist negative energy. (rN+)
You are resistant to electric shocks. (rElec)
You are resistant to unholy torment.
You are immune to petrification.


Message History

The bolt of acid hits the slime creature!!
The acid corrodes the slime creature!
The slime creature is moderately wounded.
Aiming: Corrosive Bolt
Press: ? - help, Shift-Dir - straight line, f/p - slime creature
Aim: a slime creature (moderately wounded, covered in acid, 94% to hit)
The bolt of acid hits the slime creature!!
The acid corrodes the slime creature!
The slime creature is severely wounded.
The bolt of acid hits the slime creature!
The acid corrodes the slime creature!
The slime creature is heavily wounded.
The bolt of acid hits the slime creature!!
The slime creature seems to be corroded for longer.
The slime creature is severely wounded.
The slime creature hits you!
Casting: Stone Arrow (safe; 1% risk of failure)
Confirm with . or Enter, or press ? or * to list all spells.
Aiming: Sandblast (safe; 1% risk of failure)
Press: ? - help, Shift-Dir - straight line, f/p - slime creature
Aim: a slime creature (severely wounded, covered in acid, 96% to hit)
The blast of sand hits the slime creature!!
You kill the slime creature!
Vehumet accepts your kill.
You feel your power returning. The slime creature hits you!
* * * LOW HITPOINT WARNING * * *
Your Conjurations skill increases to level 10!
Casting: Sandblast (safe; 1% risk of failure)
Confirm with . or Enter, or press ? or * to list all spells.
You don't know that spell.
Casting: Sandblast (safe; 1% risk of failure)
Confirm with . or Enter, or press ? or * to list all spells.
Aiming: Sandblast (safe; 1% risk of failure)
Press: ? - help, Shift-Dir - straight line, f/p - slime creature
Aim: a slime creature (severely wounded, covered in acid, 96% to hit)
The blast of sand hits the slime creature!
The slime creature is severely wounded.
The centaur shoots an arrow.
The arrow closely misses you.
The centaur shoots an arrow.
You block the arrow. The slime creature hits you!
You die...

###..#...c........#.......#
.....####c.##.....##......#
........'..##.....##......#
........#.................#
.#####..#.................#
.#####..#.........######'##
.......>#.........#........
......cc########+##.#####..
..........@JJ..... #..
#....##........... #..
#.... #..........# #..
#.... #..........#..#####..
#... ............#.........
#.. .......................
........................
........................
.........


You could see 2 slime creatures and 2 centaurs.

Vanquished Creatures
  Harold (D:9)
  2 boulder beetles
  A hydra (D:12)
  3 two-headed ogres
  2 ugly things
  3 manticores
  A cyclops (D:10)
  Joseph (D:9)
  A gargoyle (D:7)
  4 trolls
  2 hornets
  Grinder (D:6)
  4 slime creatures
  Sigmund (D:4)
  2 wraiths (D:12)
  Grum (D:9)
  2 wyverns
  18 yaks
  A basilisk (D:11)
  2 acid dragons
  A hornet zombie (D:6)
  3 sky beasts
  4 orc warriors
  A necrophage (D:4)
  A black bear (D:5)
  4 ogres
  An ice beast (D:6)
  5 centaurs
  4 wolves (D:9)
  A phantom (D:7)
  A kobold brigand (D:8)
  4 bullfrogs (D:7)
  4 scorpions
  8 killer bees
  11 wights
  11 howler monkeys
  2 bullfrog zombies
  2 centaur zombies
  3 gnoll shamans
  A bullfrog skeleton (D:6)
  3 orc priests
  A hound (D:5)
  3 centaur skeletons
  4 iguanas
  4 orc wizards
  2 killer bee zombies (D:8)
  2 hound skeletons (D:5)
  Robin (D:4)
  A howler monkey zombie (D:9)
  20 gnolls
  17 adders
  A white imp (D:6)
  3 ufetubi
  3 worms
  2 dart slugs (D:1)
  31 orcs
  8 endoplasms
  A giant cockroach (D:4)
  11 goblins
  10 hobgoblins
  8 jackals
  A quokka (D:5)
  10 ball pythons
  9 bats
  2 frilled lizards
  18 kobolds
  7 rats
308 creatures vanquished.

Vanquished Creatures (others)
  5 fungi (D:9)
  32 plants
37 creatures vanquished.

Grand Total: 345 creatures vanquished

Notes
Turn   | Place    | Note
-------+----------+-------------------------------------------
     0 | D:1      | Cykl0x the Gargoyle Earth Elementalist began the quest for
                  | the Orb.
     0 | D:1      | Reached XP level 1. HP: 10/10 MP: 3/3
    29 | D:1      | Reached skill level 1 in Conjurations
   148 | D:1      | Reached XP level 2. HP: 15/15 MP: 3/5
   771 | D:1      | Reached XP level 3. HP: 19/19 MP: 4/6
   778 | D:1      | Learned a level 3 spell: Stone Arrow
  1045 | D:2      | Reached skill level 4 in Earth Magic
  1330 | D:2      | Found a faded altar of an unknown god.
  1485 | D:2      | Reached XP level 4. HP: 24/24 MP: 1/7
  1893 | D:2      | Reached skill level 1 in Fighting
  2383 | D:3      | Reached XP level 5. HP: 29/29 MP: 2/8
  2509 | D:3      | Found a blossoming altar of Fedhas.
  2654 | D:3      | Found a broken altar of Ashenzari.
  3015 | D:3      | Found a shimmering blue altar of Sif Muna.
  3713 | D:4      | Noticed Sigmund
  3715 | D:4      | Killed Sigmund
  3716 | D:4      | Reached skill level 5 in Earth Magic
  3716 | D:4      | Reached XP level 6. HP: 36/36 MP: 11/11
  4214 | D:4      | Found an ancient bone altar of Kikubaaqudgha.
  4214 | D:4      | Noticed a necrophage
  4219 | D:4      | Killed a necrophage
  4220 | D:4      | Reached XP level 7. HP: 40/40 MP: 5/12
  4229 | D:4      | Noticed Robin
  4266 | D:4      | Killed Robin
  4267 | D:4      | Reached skill level 1 in Shields
  5014 | D:5      | Entered Level 5 of the Dungeon
  5046 | D:5      | Reached skill level 1 in Maces & Flails
  5176 | D:5      | Reached skill level 1 in Armour
  5291 | D:5      | Reached XP level 8. HP: 46/46 MP: 10/14
  5380 | D:5      | Reached skill level 6 in Earth Magic
  5770 | D:5      | Reached skill level 5 in Conjurations
  6314 | D:6      | Noticed Grinder
  6317 | D:6      | Paralysed by Grinder for 2 turns
  6323 | D:6      | Paralysed by Grinder for 2 turns
  6325 | D:6      | Killed Grinder
  6468 | D:6      | Reached skill level 7 in Earth Magic
  6557 | D:6      | Found a sparkling altar of Nemelex Xobeh.
  6558 | D:6      | Found a sacrificial altar of Ru.
  6561 | D:6      | Reached skill level 5 in Spellcasting
  6567 | D:6      | Reached XP level 9. HP: 44/52 MP: 14/16
  7612 | D:7      | Noticed a hornet
  7620 | D:7      | Killed a hornet
  7621 | D:7      | Reached skill level 5 in Fighting
  7621 | D:7      | Reached skill level 8 in Earth Magic
  7736 | D:7      | You fall into a shaft and drop 2 floors!
  7782 | D:9      | Noticed Grum
  7796 | D:9      | Killed Grum
  8303 | D:7      | Found an iron altar of Okawaru.
  8350 | D:7      | Noticed a gargoyle
  8356 | D:7      | Killed a gargoyle
  8357 | D:7      | Reached skill level 9 in Earth Magic
  8357 | D:7      | Reached XP level 10. HP: 38/60 MP: 13/19
  9167 | D:7      | Found an ornate altar of the Wu Jian Council.
  9352 | D:7      | Found a staircase to the Ecumenical Temple.
  9376 | Temple   | Entered the Ecumenical Temple
  9422 | Temple   | Became a worshipper of Vehumet
 10004 | D:8      | Found a hazy altar of Hepliaklqana.
 10038 | D:8      | Noticed a two-headed ogre
 10045 | D:8      | Killed a two-headed ogre
 10251 | D:8      | Reached * piety under Vehumet
 10251 | D:8      | Offered knowledge of Freeze by Vehumet.
 10535 | D:9      | Noticed a two-headed ogre
 10540 | D:9      | Killed a two-headed ogre
 10541 | D:9      | Reached XP level 11. HP: 67/67 MP: 15/21
 10757 | D:9      | Found Nugin's Assorted Antiques.
 10760 | D:9      | Bought a scroll labelled SASONU BOHUGEXT for 30 gold pieces
 10760 | D:9      | Bought a scroll of immolation for 105 gold pieces
 10760 | D:9      | Bought a scroll labelled RAZELA HEULAELY for 30 gold pieces
 11133 | D:9      | Noticed Harold
 11135 | D:9      | Noticed Joseph
 11135 | D:9      | Noticed a manticore
 11152 | D:9      | Killed Harold
 11153 | D:9      | Reached skill level 10 in Earth Magic
 11157 | D:9      | Killed a manticore
 11162 | D:9      | Killed Joseph
 11335 | D:9      | Offered knowledge of Magic Dart by Vehumet.
 11336 | D:9      | Reached ** piety under Vehumet
 11340 | D:9      | Learned a level 1 spell: Magic Dart
 11734 | D:9      | Noticed a two-headed ogre
 11739 | D:9      | Killed a two-headed ogre
 11740 | D:9      | Reached skill level 1 in Evocations
 11818 | D:9      | Identified a scroll of acquirement
 11818 | D:9      | Acquired 1022 gold pieces
 11849 | D:10     | Entered Level 10 of the Dungeon
 12261 | D:10     | Noticed a cyclops
 12267 | D:10     | Killed a cyclops
 12447 | D:10     | Offered knowledge of Conjure Flame by Vehumet.
 12452 | D:10     | Learned a level 3 spell: Conjure Flame
 12485 | D:10     | Found a runed translucent door.
 12487 | D:10     | Found a basalt altar of Yredelemnul.
 13026 | D:10     | Found a staircase to the Lair.
 13159 | D:11     | Found a glowing silver altar of Zin.
 13330 | D:11     | Reached skill level 1 in Staves
 13530 | D:11     | Noticed a brown ugly thing
 13538 | D:11     | Killed a brown ugly thing
 14089 | D:11     | Reached *** piety under Vehumet
 14090 | D:11     | Reached XP level 12. HP: 26/75 MP: 24/24
 14490 | D:11     | Reached skill level 11 in Earth Magic
 14918 | D:11     | Noticed a boulder beetle
 14928 | D:11     | Killed a boulder beetle
 14929 | D:11     | Reached skill level 5 in Armour
 15064 | D:12     | Found a staircase to the Orcish Mines.
 15401 | D:12     | Noticed a seven-headed hydra
 15409 | D:12     | Killed a seven-headed hydra
 15563 | D:12     | Noticed a boulder beetle
 15583 | D:12     | Killed a boulder beetle
 16011 | D:12     | Reached skill level 10 in Conjurations
 16011 | D:12     | Slain by a slime creature

Illustrated notes

Levels and vault maps discovered:
D:1:      roderic_crop_circles_arrival_small, layout_basic
D:2:      layout_basic, hellmonk_ecumenical_altar_lost_god,
          lexackson_kobold_supper
D:3:      layout_loops_ring, fedhas_altar_4, mainiacjoe_overflow_catch_the_wave,
          minivault_5
D:4:      layout_basic, minmay_strange_pillars, kennysheep_another_room,
          hangedman_decor_push, minmay_misc_feat_ornament, minmay_ruined_shrine,
          uniq_robin, uniq_sigmund
D:5:      layout_gridville
D:6:      layout_loops_ring, gammafunk_temple_overflow_statue, minivault_10,
          uniq_grinder
D:7:      layout_basic, lemuel_doored_altar, mainiacjoe_overflow_alcove_2,
          minmay_temple_entry_butterflies, minmay_manual_mess
D:8:      layout_rooms, amcnicky_altar_gilded
D:9:      old_forge, layout_basic, serial_shops, nicolae_shop_behind_doors,
          uniq_harold, uniq_joseph, uniq_grum
D:10:     layout_basic, dk_yredelemnul_ordeal, lair_entry_dummy,
          chequers_serial_rivers_small_a
D:11:     layout_stronghold, zin_academy
D:12:     layout_stronghold, david_orc_3
Temple:   dshaligram_water_room_temple

Skill      XL: |  1  2  3  4  5  6  7  8  9 10 11 12 |
---------------+-------------------------------------+-----
Conjurations   | 1 2 3 4 5 7 8 9 10 | 10.0
Earth Magic    | 4 5 7 9 10 11 | 11.4
Fighting       | 1 2 3 4 6 7 8 9 |  9.2
Spellcasting   | 3 4 5 6 7 8 |  8.5
Dodging        | 2 3 |  3.8
Shields        | 1 2 3 4 |  4.1
Maces & Flails | 1 2 3 4 |  4.5
Armour         | 1 2 3 4 5 |  5.2
Evocations     | 2 4 |  4.0
Staves         | 1 |  1.5
Stealth        | |  2.1
Transmutations | |  0.7

Action                   |  1- 3 |  4- 6 |  7- 9 | 10-12 || total
-------------------------+-------+-------+-------+-------++-------
Melee: Unarmed           |     4 |       |       |       ||     4
       Whip              |    10 |    31 |       |       ||    41
       Quarterstaff      |       |     2 |       |       ||     2
       Flail             |       |     4 |    20 |       ||    24
       Morningstar       |       |       |    42 |    55 ||    97
       Staff             |       |       |       |   108 ||   108
Throw: Stone             |       |       |       |     4 ||     4
 Cast: Sandblast         |    40 |    32 |    99 |   139 ||   310
       Stone Arrow       |     7 |    41 |    58 |   152 ||   258
       Magic Dart        |       |       |       |    53 ||    53
       Conjure Flame     |       |       |       |     1 ||     1
Evoke: Wand              |       |       |       |     7 ||     7
  Use: Scroll            |     2 |     5 |    10 |     8 ||    25
 Stab: Held in net/web   |       |       |       |     1 ||     1
       Paralysed         |       |       |       |    13 ||    13
Armor: Robe              |     6 |    13 |       |       ||    19
       Ring mail         |       |       |    62 |    54 ||   116
       Scale mail        |       |       |       |   109 ||   109
Dodge: Dodged            |    12 |    38 |    71 |   140 ||   261
Block: Buckler           |     3 |    16 |    51 |   147 ||   217
